 Dungeon Sprint DCSS version 0.21.1-1-g345015f (webtiles) character file.

0 diana the Carver (level 7, 54/54 HPs)
             Began as an Octopode Gladiator on July 25, 2018.
             Was an Initiate of Gozag.
             Quit the game in the Dungeon (Sprint VI: "Thunderdome").
             The game lasted 00:02:11 (130 turns).

diana the Carver (Octopode Gladiator)                Turns: 130, Time: 00:02:12

Health: 54/54      AC:  7    Str: 10    XL:     7   Next: 2%
Magic:  14/16      EV: 19    Int: 13    God:    Gozag
Gold:   101        SH:  0    Dex: 19    Spells: 6/6 levels left

rFire    . . .     SeeInvis .   a - +0 long sword
rCold    + + +     Gourm    .   (no shield)
rNeg     + . .     Faith    .   b - +0 hat
rPois    +         Spirit   .   (no amulet)
rElec    +         Reflect  .   o - ring "Zithutz" {rElec AC+6 Int+2}
rCorr    .         Harm     .   p - ring "Duppann" {+Fly rPois}
MR       .....     NoTele   +   q - ring "Anwum" {rN+ MP+9 Dex+4}
Stlth    +++.......             r - ring of the Death Scarab {+Fly rElec}
HPRegen  0.18/turn              s - ring of the Distant Future {Wiz +Inv rC+++ MR- Str-3}
MPRegen  0.15/turn              (no ring)
                                (no ring)
                                (no ring)

@: gold aura
A: almost no armour, stealthy swim, amphibious, 8 rings, constrict 8, camouflage
1, gelatinous body 1
a: Potion Petition, Call Merchant, Bribe Branch, Renounce Religion, Evoke
Invisibility, Evoke Flight


You were in the Dungeon.
You worshipped Gozag.
Gozag was aware of your devotion.
You were not hungry.

You visited 1 branch You collected 326 gold pieces.
You spent 225 gold pieces at shops.

Inventory:

Hand Weapons
 a - a +0 long sword (weapon)
Missiles
 c - 3 throwing nets (quivered)
Armour
 b - a +0 hat (worn)
Jewellery
 o - the ring "Zithutz" (left tentacle) {rElec AC+6 Int+2}
   (You bought it in a shop in the Dungeon)

   [ring of protection]

   It affects your AC (+6).
   It affects your intelligence (+2).
   It insulates you from electricity.
 p - the ring "Duppann" (right tentacle) {+Fly rPois}
   (You bought it in a shop in the Dungeon)

   [ring of flight]

   It protects you from poison.
   It lets you fly.
 q - the ring "Anwum" (on tentacle) {rN+ MP+9 Dex+4}
   (You bought it in a shop in the Dungeon)

   [ring of magical power]

   It affects your dexterity (+4).
   It protects you from negative energy.
   It affects your magic capacity (+9).
 r - the ring of the Death Scarab (on tentacle) {+Fly rElec}
   (You bought it in a shop in the Dungeon)

   [ring of flight]

   It insulates you from electricity.
   It lets you fly.
 s - the ring of the Distant Future (on tentacle) {Wiz +Inv rC+++ MR- Str-3}
   (You bought it in a shop in the Dungeon)

   [ring of wizardry]

   It improves your spell success rate.
   It affects your strength (-3).
   It renders you almost immune to cold.
   It affects your resistance to hostile enchantments.
   It lets you turn invisible.
Wands
 k - a wand of acid (2)
 l - a wand of iceblast (5)
Scrolls
 j - 4 scrolls of blinking
 m - 3 scrolls of fog
Potions
 e - a potion of curing
 f - 4 potions of heal wounds
 g - 4 potions of haste
 h - 2 potions of magic
 i - a potion of berserk rage
 n - a potion of resistance
Comestibles
 d - a ration


   Skills:
 + Level 7.5 Fighting
 * Level 10.6 Long Blades
 - Level 2.0 Throwing
 + Level 7.9 Dodging


You had 6 spell levels left.
You didn't know any spells.

Dungeon Overview and Level Annotations

Branches:
Dungeon (1/1)

Altars:
Cheibriados
Gozag
Kikubaaqudgha
Okawaru
Qazlal
Ru
Sif Muna
Trog
Vehumet
Xom
Yredelemnul
Zin
The Shining One
Lugonu

Shops:
D *[%?**[(


Innate Abilities, Weirdness & Mutations

You cannot wear most types of armour.
You are very stealthy in the water. (Stealth+)
You are amphibious.
You can wear up to eight rings at the same time.
You can use your tentacles to constrict eight enemies at once.
Your skin changes colour to match your surroundings (Stealth+).
Your rubbery body absorbs attacks. (AC +1, EV +1)


Message History

Okay, then.
Found a corrupted altar of Lugonu.
Found a shimmering altar of Xom.
Found Effy's Premium Goods and Jimuohum's Weapon Rack.
Found three altars.
Found Echyngir's Miscellaneous Merchandise and Joimourr's Basic Armour.
A kobold comes into view.
The kobold shouts!
You hit the kobold but do no damage. You grab the kobold.
You kill the kobold!
You now have 101 gold pieces (gained 81).
A hobgoblin comes into view.
Found an ancient bone altar of Kikubaaqudgha. 2 kobolds come into view.
The hobgoblin shouts!
The kobold shouts!
The kobold throws a stone.
The stone hits you but does no damage.
You see here a stone.
The hobgoblin barely misses you.
There is an entrance to Jimuohum's Weapon Rack here.
Are you sure you want to abandon this character and quit the game? (Confirm with "yes".)

∩........8.# #.8.....
#∩___......###......_
######.8.........8.#
#⌠...........⌠#
###.........###
#_......._#
#_......._#
#_.....(._#
#∩....KKg@#
##∩.....∩## ##.....##
##⌠§§## #####


You could see a hobgoblin and 2 kobolds.

Vanquished Creatures
  Pikel (D)
  A kobold (D)
2 creatures vanquished.

Notes
Turn   | Place    | Note
-------+----------+-------------------------------------------
     0 | D        | diana the Octopode Gladiator began the quest for the Orb.
     0 | D        | Reached XP level 1. HP: 14/14 MP: 1/1
     1 | D        | Found a basalt altar of Yredelemnul.
     2 | D        | Found a sacrificial altar of Ru.
     2 | D        | Found a radiant altar of Vehumet.
     3 | D        | Found a snail-covered altar of Cheibriados.
     3 | D        | Found a deep blue altar of Sif Muna.
     4 | D        | Found Jerrur's Delicious Food.
     4 | D        | Found an iron altar of Okawaru.
     4 | D        | Found an opulent altar of Gozag.
     4 | D        | Found Tufuz's Identification Station.
     5 | D        | Found Yrghoun's Jewellery.
     5 | D        | Found Doaboaze's Advanced Armour.
     5 | D        | Round 1.
    10 | D        | Found a bloodstained altar of Trog.
    14 | D        | Became a worshipper of Gozag Ym Sagoz the Greedy
    24 | D        | Bought a glittering jade ring for 45 gold pieces
    24 | D        | Bought a wavering amber ring for 45 gold pieces
    24 | D        | Bought a scintillating platinum ring for 45 gold pieces
    24 | D        | Bought a brightly glowing pewter ring for 45 gold pieces
    24 | D        | Identified the ring "Zithutz" {rElec AC+6 Int+2} (You bought it in a shop in the Dungeon)
    25 | D        | Identified the ring "Duppann" {+Fly rPois} (You bought it in a shop in the Dungeon)
    26 | D        | Identified the ring "Anwum" {rN+ MP+9 Dex+4} (You bought it in a shop in the Dungeon)
    27 | D        | Identified the ring of the Death Scarab {+Fly rElec} (You bought it in a shop in the Dungeon)
    92 | D        | Noticed Pikel
    96 | D        | Killed Pikel
    96 | D        | Reached skill level 10 in Long Blades
    96 | D        | Reached XP level 2. HP: 27/27 MP: 2/2
    96 | D        | Reached XP level 3. HP: 32/32 MP: 3/3
    96 | D        | Reached XP level 4. HP: 38/38 MP: 4/4
    96 | D        | Reached XP level 5. HP: 43/43 MP: 5/5
    96 | D        | Reached XP level 6. HP: 49/49 MP: 6/6
    96 | D        | Reached XP level 7. HP: 54/54 MP: 7/7
   108 | D        | Bought a pitted steel ring for 45 gold pieces
   108 | D        | Identified the ring of the Distant Future {Wiz +Inv rC+++ MR- Str-3} (You bought it in a shop in the Dungeon)
   115 | D        | Found a corrupted altar of Lugonu.
   116 | D        | Found a shimmering altar of Xom.
   117 | D        | Found a glowing silver altar of Zin.
   117 | D        | Found a stormy altar of Qazlal.
   117 | D        | Found a glowing golden altar of the Shining One.
   117 | D        | Found Effy's Premium Goods.
   117 | D        | Found Jimuohum's Weapon Rack.
   118 | D        | Found Echyngir's Miscellaneous Merchandise.
   118 | D        | Found Joimourr's Basic Armour.
   126 | D        | Found an ancient bone altar of Kikubaaqudgha.
   130 | D        | Quit the game

Skill      XL: |  1 |
---------------+----+-----
Fighting       | 7 |  7.5
Long Blades    | 10 | 10.6
Dodging        | 7 |  7.9
Throwing       | |  2.0

Action                   |  1- 3 |  4- 6 |  7- 9 || total
-------------------------+-------+-------+-------++-------
Melee: Long sword        |       |       |     1 ||     1
       Constrict         |       |       |     1 ||     1
       Tentacles         |       |       |     1 ||     1
Evoke: Wand              |     2 |       |     1 ||     3
Armor: Skin              |       |       |     1 ||     1
Dodge: Dodged            |       |       |     1 ||     1
